 Dungeon Crawl Stone Soup version 0.13-a0-2417-g818e1a6 (webtiles) character file.

260 Rycklaryybbe the Covert (level 4, -10/22 HPs)
             Began as a Spriggan Assassin on July 16, 2013.
             Killed by divine providence
             ... invoked by an orc priest
              (13 damage)
             ... on Level 3 of the Dungeon.
             The game lasted 00:07:14 (2711 turns).

Rycklaryybbe the Covert (Spriggan Assassin)         Turns: 2711, Time: 00:07:16

HP -10/22        AC  3     Str  7      XL: 4   Next: 55%
MP   9/9         EV 17     Int 12      God:
Gold 154         SH  0     Dex 18      Spells:  0 memorised,  3 levels left

Res.Fire  : . . .   See Invis. : +   a - +2 dagger {=f}
Res.Cold  : . . .   Warding    : .   c - +0 robe
Life Prot.: . . .   Conserve   : .   (shield restricted)
Res.Poison: .       Res.Corr.  : .   (helmet restricted)
Res.Elec. : .       Clarity    : .   d - +0 cloak
Sust.Abil.: . .     Spirit.Shd : .   (gloves unavailable)
Res.Mut.  : .       Stasis     : +   (boots unavailable)
Res.Rott. : .       Flight     : .   i - amulet of stasis {unknown}
Saprovore : . . .                    k - ring of protection from magic {unknown}
                                     j - ring of invisibility

@: very quick, quite resistant to hostile enchantments, very stealthy
A: unfitting armour, see invisible, herbivore 3, speed 3, slow metabolism 2
a: Evoke Invisibility


You were on level 3 of the Dungeon.
You were not hungry.

You visited 1 branch of the dungeon, and saw 3 of its levels.

You collected 104 gold pieces.

Inventory:

Hand weapons
 a - a +2,+2 dagger (weapon) {=f}
 b - a +0 blowgun
Missiles
 e - 4 poisoned needles
 f - 2 curare-tipped needles
 o - 16 darts (quivered)
Armour
 c - a +0 robe (worn)
 d - a +0 cloak (worn)
Magical devices
 B - a wand of slowing (14) {unknown}
Scrolls
 h - a scroll of teleportation {unknown}
 l - 2 scrolls of identify {unknown}
 m - a scroll of curse armour {unknown}
 n - 3 scrolls of remove curse {unknown}
 p - a scroll of noise {unknown}
 q - a scroll of curse weapon {unknown}
 r - a scroll of random uselessness {unknown}
 t - a scroll of enchant armour {unknown}
 u - a scroll of amnesia {unknown}
 x - a scroll of curse jewellery {unknown}
 C - a scroll of magic mapping {unknown}
Jewellery
 i - an amulet of stasis (around neck) {unknown}
 j - a ring of invisibility (left hand)
 k - a ring of protection from magic (right hand) {unknown}
 y - a cursed ring of hunger {unknown}
Potions
 g - a potion of porridge
 s - a potion of slowing {unknown}
 v - 2 potions of might {unknown}
 w - a potion of restore abilities
 z - a potion of speed {unknown}
 A - 2 potions of curing {unknown}


   Skills:
 - Level 1.5 Fighting
 - Level 2.1 Short Blades
 - Level 2.1 Throwing
 - Level 1.5 Dodging
 + Level 8.1 Stealth
 + Level 3.5 Evocations


You had 3 spell levels left.
You didn't know any spells.

Dungeon Overview and Level Annotations

Branches:
Dungeon (3/27)

Altars:


Innate Abilities, Weirdness & Mutations

You are tiny and cannot use many weapons and most armour.
You have supernaturally acute eyesight.
You are a herbivore.
You cover ground extremely quickly.
You need consume almost no food.


Message History

Ouch! That really hurt!
* * * LOW HITPOINT WARNING * * *
You hit the orc priest but do no damage.
The orc priest is moderately wounded.
The orc priest hits you but does no damage.
You hit the orc priest but do no damage.
The orc priest is moderately wounded.
The orc priest hits you with an orcish club.
* * * LOW HITPOINT WARNING * * *
You see here an adder corpse.
Throwing (i - inventory):
o - 17 darts (quivered)
Press: ? - help, Shift-Dir - straight line, f/p - orc priest
Aim: an orc priest, wielding an orcish club and wearing an orcish scale mail (heavily wounded, poisoned)
You throw a dart. The dart hits the orc priest.
The orc priest is heavily wounded.
The orc priest looks more healthy.
The orc priest invokes the aid of Beogh against you.
Something smites you!
Ouch! That really hurt!
You die...

#####
#...################
#.#................#
#...##############.#
##.## #.# #.#
############.#### .
#.#
#...@)o(.((.....###.#
#.#
#.####.##...........#
######.# #.
#.##..#..#.#.###
#......# #.
#.##..#.........
#.###### #.
#.##..##.#.#.##.
#.#########.
#.##..##.S...#
#......>....
......####.###
#.#########. #####.#
#.# ###.####### . #.#
#.####.


You could see an orc priest.

Vanquished Creatures
  4 adders
  A giant mite (D:2)
  A worm (D:2)
  A giant gecko (D:3)
  2 oozes
  2 orcs (D:3)
  12 bats
  7 giant cockroaches
  7 hobgoblins
  3 kobolds
  3 quokkas
  2 giant newts
  3 goblins (D:1)
  2 jackals (D:1)
  4 rats
54 creatures vanquished.

Notes
Turn   | Place    | Note
--------------------------------------------------------------
     0 | D:1      | Rycklaryybbe, the Spriggan Assassin, began the quest for the Orb.
     0 | D:1      | Reached XP level 1. HP: 10/10 MP: 1/1
     6 | D:1      | Reached skill level 6 in Stealth
   255 | D:1      | Reached XP level 2. HP: 9/14 MP: 3/3
   394 | D:1      | Reached skill level 7 in Stealth
  1175 | D:2      | Reached skill level 1 in Evocations
  1175 | D:2      | Reached XP level 3. HP: 18/18 MP: 5/5
  1907 | D:2      | Reached XP level 4. HP: 17/22 MP: 8/8
  2403 | D:3      | Reached skill level 8 in Stealth
  2711 | D:3      | Killed from afar by an orc priest

Action                   |  1- 3 |  4- 6 || total
-------------------------+-------+-------++-------
Melee: Dagger            |    87 |    78 ||   165
 Fire: Blowgun           |    15 |     4 ||    19
Throw: Dart              |     8 |    11 ||    19
  Use: Potion            |     1 |       ||     1
 Stab: Sleeping          |    11 |     4 ||    15
